 Dungeon Crawl Stone Soup version 0.26.1-11-gd32895ea62 (webtiles) character file.

Game seed: 6671261946581212456

8288 Almogavar the Cleaver (level 11, -26/101 HPs)
             Began as a Hill Orc Fighter on May 30, 2021.
             Was a High Priest of Okawaru.
             Annihilated by a boulder beetle (50 damage)
             ... on level 10 of the Dungeon.
             The game lasted 00:31:34 (11363 turns).

Almogavar the Cleaver (Hill Orc Fighter)           Turns: 11363, Time: 00:31:35

Health: -26/101    AC: 15    Str: 23    XL:     11   Next: 28%
Magic:  12/12      EV:  9    Int:  8    God:    Okawaru [*****.]
Gold:   726        SH: 12    Dex: 10    Spells: 10/10 levels left

rFire    . . .     SeeInvis .   I - +3 hand axe (freeze)
rCold    . . .     Faith    .   B - +2 kite shield
rNeg     . . .     Spirit   .   b - +0 scale mail
rPois    .         Reflect  .   (no helmet)
rElec    .         Harm     .   (no cloak)
rCorr    .         Rampage  .   f - +0 pair of gloves
Will     +....                  p - +0 pair of boots
Stlth    ..........             (no amulet)
HPRegen  0.26/turn              u - +4 ring of protection
MPRegen  0.13/turn              a - ring of willpower

@: no status effects
A: no striking features
a: Renounce Religion, Heroism, Finesse


You were on level 10 of the Dungeon.
You worshipped Okawaru.
Okawaru was extremely pleased with you.
You visited 1 branch of the dungeon, and saw 10 of its levels.

You collected 726 gold pieces.

Inventory:

Hand Weapons
 y - the +1 battleaxe "Plog" {protect, rN++ Dex+4}
   (You found it on level 4 of the Dungeon)

   It grants its wielder temporary protection when it strikes (+7 to AC).
   It affects your dexterity (+4).
   It greatly protects you from negative energy.
 I - a +3 hand axe of freezing (weapon)
 L - a +0 battleaxe of flaming
Missiles
 v - 17 poisoned darts (quivered)
 A - 19 boomerangs
Armour
 b - a +0 scale mail (worn)
 c - a +0 kite shield
 f - a +0 pair of gloves (worn)
 p - a +0 pair of boots (worn)
 B - a +2 kite shield (worn)
 E - a +2 tower shield of reflection
 M - a +0 plate armour
Jewellery
 a - a ring of willpower (right hand)
 t - an uncursed amulet of regeneration
 u - a +4 ring of protection (left hand)
 x - an uncursed ring of ice
 C - an uncursed ring of protection from fire
 H - an uncursed amulet of the acrobat
Wands
 j - a wand of polymorph (9)
 l - a wand of iceblast (7)
 s - a wand of enslavement (12)
 w - a wand of acid (26)
 G - a wand of random effects (44)
 J - a wand of digging (3)
 P - a wand of flame (14)
Scrolls
 h - a scroll of blinking
 i - 2 scrolls of magic mapping
 k - 5 scrolls of amnesia
 m - a scroll of enchant armour
 n - a scroll of fog {unknown}
 o - 3 scrolls of teleportation
 r - a scroll of fear
 F - 2 scrolls of remove curse
 N - a scroll of noise {unknown}
 O - 2 scrolls of identify
Potions
 d - 2 potions of might
 e - 5 potions of curing
 g - a potion of haste
 q - 5 potions of cancellation {unknown}
 z - a potion of flight {unknown}
 D - 2 potions of heal wounds {unknown}
 K - 3 potions of attraction {unknown}


   Skills:
 + Level 10.4 Fighting
 - Level 14.0 Axes
 + Level 9.5 Armour
 + Level 4.1 Dodging
 - Level 0.4 Stealth
 - Level 4.7 Shields
 + Level 2.1 Invocations


You had 10 spell levels left.
You didn't know any spells.
Your spell library contained the following spells:

 Spells                   Type           Power        Failure   Level
 Animate Skeleton         Necr           0%           98%         1
 Pain                     Necr           0%           98%         1
 Shock                    Conj/Air       0%           98%         1
 Swiftness                Air            0%           99%         2
 Static Discharge         Conj/Air       0%           100%        3
 Vampiric Draining        Necr           0%           100%        3
 Airstrike                Air            0%           100%        4
 Animate Dead             Necr           0%           100%        4
 Agony                    Necr           0%           100%        5
 Lightning Bolt           Conj/Air       0%           100%        5


Dungeon Overview and Level Annotations

Branches:
Dungeon (10/15)            Temple (0/1) D:5             Orc (0/2) D:9
   Lair: D:8-11

Altars:
Ashenzari
Cheibriados
Dithmenos
Kikubaaqudgha
Makhleb
Okawaru
Qazlal
Sif Muna
Uskayaw
Vehumet
Wu Jian
Xom
The Shining One

Shops:
D:5 =

Annotations:
D:8 Maurice


Message History

You hear some strange, mumbled words.
A puff of flame appears from out of thin air!
Keep disrobing? [Y]es or [N]o only, please.
Keep disrobing?
The puff of flame misses you.
The boulder beetle curls into a ball and begins rolling!
You continue taking off your amulet of the acrobat. x3
Something hits you but does no damage.
You finish taking off your amulet of the acrobat.
Unknown command.
The boulder beetle stops rolling and uncurls.
You block the orc's attack.
The boulder beetle curls into a ball and begins rolling!
The orc barely misses you.
The boulder beetle stops rolling and uncurls.
The boulder beetle curls into a ball and begins rolling!
Found 5 gold pieces.
The boulder beetle hits you!!!
You die...

#...### ##.....###
#........# ##........#
#..o.......
##..°......^
#...○.......
##...B.......
####....@.......
####...............
####.....#...........$
##.....####............
#...#### #............
##..### #............
#.....## ##...........
##.....## #...........
#......# ###........


You could see a boulder beetle and an orc.

Vanquished Creatures
  A centaur warrior (D:9)
  A two-headed ogre (D:9)
  An ugly thing (D:9)
  A komodo dragon (D:9)
  A wyvern (D:9)
  An ice beast (D:8)
  9 orc warriors
  4 sky beasts
  A black bear (D:8)
  An eye of draining (D:9)
  3 phantoms
  7 ogres
  8 centaurs
  A necrophage (D:6)
  4 big kobolds
  4 bullfrogs
  A wyvern zombie (D:7)
  2 water moccasin zombies
  2 scorpions
  7 wights (D:7)
  An electric eel (D:9)
  A howler monkey (D:5)
  3 quasits
  A centaur zombie (D:9)
  A bullfrog zombie (D:7)
  10 orc priests
  3 hounds
  A jelly (D:7)
  2 bullfrog skeletons
  16 orc wizards
  A centaur skeleton (D:7)
  2 iguanas
  4 gnoll shamans
  7 worker ants
  A hound zombie (D:9)
  A hound skeleton (D:7)
  2 worker ant zombies (D:6)
  17 adders
  12 gnolls
  2 shadow imps
  3 white imps
  An adder skeleton (D:6)
  2 adder zombies
  3 worms
  2 dart slugs
  10 leopard geckos
  63 orcs
  10 giant cockroaches
  3 hobgoblins
  15 jackals
  4 quokkas
  2 ball pythons (D:4)
  10 bats
  4 frilled lizards
  8 goblins
  A jackal zombie (D:6)
  9 kobolds
  2 leopard gecko skeletons
  A quokka skeleton (D:9)
  A quokka zombie (D:8)
  4 rats
306 creatures vanquished.

Vanquished Creatures (others)
  A worker ant (D:7)
  A quokka (D:7)
  6 fungi (D:9)
  25 plants (D:9)
33 creatures vanquished.

Grand Total: 339 creatures vanquished

Notes
Turn   | Place    | Note
-------+----------+-------------------------------------------
     0 | D:1      | Almogavar the Hill Orc Fighter began the quest for the Orb.
     0 | D:1      | Reached XP level 1. HP: 19/19 MP: 1/1
   264 | D:1      | Reached XP level 2. HP: 27/27 MP: 2/2
   640 | D:1      | Reached skill level 3 in Axes
  1243 | D:1      | Reached XP level 3. HP: 27/33 MP: 3/3
  1374 | D:2      | Found a glowing golden altar of the Shining One.
  1607 | D:2      | Reached XP level 4. HP: 39/40 MP: 4/4
  1662 | D:2      | Found a snail-covered altar of Cheibriados.
  1685 | D:2      | Found an ornate altar of the Wu Jian Council.
  2390 | D:3      | Found a shadowy altar of Dithmenos.
  2478 | D:3      | You fall into a shaft and drop 3 floors!
  2491 | D:6      | Found an iron altar of Okawaru.
  2503 | D:6      | Became a worshipper of Warmaster Okawaru
  2509 | D:5      | Entered Level 5 of the Dungeon
  2524 | D:5      | Found a staircase to the Ecumenical Temple.
  2528 | D:5      | Found a burning altar of Makhleb.
  2536 | D:5      | Reached skill level 4 in Axes
  2536 | D:5      | Reached XP level 5. HP: 44/47 MP: 5/5
  2660 | D:5      | Noticed a sky beast
  2687 | D:5      | Killed a sky beast
  2688 | D:5      | Reached skill level 5 in Axes
  2688 | D:5      | Reached skill level 1 in Dodging
  2771 | D:5      | Reached XP level 6. HP: 51/53 MP: 6/6
  2804 | D:5      | Reached * piety under Okawaru
  2971 | D:4      | Noticed a phantom
  2989 | D:4      | Killed a phantom
  3048 | D:4      | Reached skill level 6 in Axes
  3048 | D:4      | Reached XP level 7. HP: 41/60 MP: 7/7
  3052 | D:4      | Got a transparent battleaxe
  3096 | D:3      | Identified the cursed +1 battleaxe "Plog" {protect, rN++
                  | Dex+4} (You found it on level 4 of the Dungeon)
  3390 | D:4      | Found an ancient bone altar of Kikubaaqudgha.
  3449 | D:4      | Reached skill level 5 in Fighting
  3762 | D:4      | You fall into a shaft and drop 3 floors!
  3769 | D:7      | Reached ** piety under Okawaru
  3770 | D:7      | Reached skill level 7 in Axes
  3781 | D:7      | Reached skill level 5 in Armour
  3781 | D:7      | Reached XP level 8. HP: 27/69 MP: 8/8
  3871 | D:7      | Reached skill level 8 in Axes
  3950 | D:7      | Found a shimmering altar of Xom.
  3962 | D:7      | Reached skill level 9 in Axes
  4115 | D:7      | Reached *** piety under Okawaru
  4253 | D:7      | Reached skill level 10 in Axes
  4346 | D:7      | Reached XP level 9. HP: 21/78 MP: 6/9
  4637 | D:7      | Reached skill level 11 in Axes
  4645 | D:7      | Found a hide-covered altar of Uskayaw.
  5073 | D:7      | Found a stormy altar of Qazlal.
  5079 | D:7      | Found a radiant altar of Vehumet.
  5084 | D:7      | Found a broken altar of Ashenzari.
  5180 | D:7      | Found a shimmering blue altar of Sif Muna.
  5288 | D:6      | Reached skill level 12 in Axes
  6318 | D:5      | Found Biak's Jewellery Boutique.
  7270 | D:8      | Reached **** piety under Okawaru
  7271 | D:8      | Reached skill level 13 in Axes
  7298 | D:8      | Reached XP level 10. HP: 54/88 MP: 10/10
  8698 | D:8      | Noticed Maurice
  9210 | D:9      | Noticed a cyan ugly thing
  9222 | D:9      | Killed a cyan ugly thing
  9222 | D:9      | Reached ***** piety under Okawaru
  9243 | D:9      | Reached skill level 14 in Axes
  9482 | D:9      | Received a gift from Okawaru
  9664 | D:9      | Reached skill level 1 in Invocations
  9936 | D:9      | Found a staircase to the Orcish Mines.
 10362 | D:9      | Reached XP level 11. HP: 86/97 MP: 12/12
 10498 | D:9      | Noticed a centaur warrior
 10520 | D:9      | Killed a centaur warrior
 10521 | D:9      | Reached skill level 10 in Fighting
 11015 | D:9      | Noticed a two-headed ogre
 11025 | D:9      | Killed a two-headed ogre
 11121 | D:10     | Entered Level 10 of the Dungeon
 11296 | D:10     | Noticed a boulder beetle
 11363 | D:10     | Annihilated by a boulder beetle

Illustrated notes

Levels and vault maps discovered:
D:1:      elethiomel_arrival_infinity_welcomes_careful_drivers, layout_basic
D:2:      minmay_evil_eye, layout_basic, lemuel_doored_altar,
          lemuel_round_altar, general_overflow_altar, grunt_ministairs_9,
          kennysheep_generic_room_11
D:3:      layout_basic, nicolae_dithmenos_through_a_glass_darkly
D:4:      layout_gridville, kiku_gazebo_pond_becter,
          hangedman_decor_clover_reticule
D:5:      layout_cave_pods, minmay_temple_entry_hall, serial_shops,
          kennysheep_little_box, makhleb_heckhound_becter
D:6:      layout_loops_ring, okawaru_ov_weapons_minmay
D:7:      layout_rooms, xom_confusion_cloud, overflow_temple_1_default,
          minmay_overflow_temple_star_quad, lemuel_blue_sif_altar
D:8:      layout_loops_ring, special_room [special_room_orc], uniq_maurice
D:9:      kennysheep_seaside_town, layout_rooms, david_lair_shrubbed, erik_orc_2
D:10:     layout_cave_pods, uniq_urug

Skill      XL: |  1  2  3  4  5  6  7  8  9 10 11 |
---------------+----------------------------------+-----
Axes           | 3 4 5 6 7 10 13 14 | 14.0
Fighting       | 4 5 6 7 9 10 | 10.4
Armour         | 4 5 6 8 9 |  9.5
Shields        | 4 |  4.7
Dodging        | 1 2 3 4 |  4.1
Invocations    | 1 2 |  2.1
Stealth        | |  0.4

Action                   |  1- 3 |  4- 6 |  7- 9 | 10-12 || total
-------------------------+-------+-------+-------+-------++-------
Melee: War axe           |   115 |   165 |       |       ||   280
       Battleaxe         |       |       |   240 |       ||   240
       Hand axe          |       |       |   121 |   463 ||   584
Invok: Heroism           |       |       |     3 |     4 ||     7
Evoke: Wand              |       |       |       |     1 ||     1
  Use: Scroll            |       |       |    12 |     1 ||    13
       Potion            |       |       |       |     2 ||     2
Armor: Scale mail        |    79 |   137 |   157 |    76 ||   449
Dodge: Dodged            |    32 |    74 |   181 |   101 ||   388
Block: Kite shield       |    65 |   107 |    51 |   165 ||   388
